 Dungeon Crawl Stone Soup version 0.18-a0-1800-gdc7a371 (webtiles) character file.

17 M4edhros the Grave Robber (level 2, -1/17 HPs)
             Began as an Octopode Necromancer on Apr 24, 2016.
             Slain by a goblin
             ... wielding a +0 club
              (2 damage)
             ... on level 2 of the Dungeon.
             The game lasted 00:00:58 (151 turns).

M4edhros the Grave Robber (Octopode Necromancer)     Turns: 151, Time: 00:00:59

Health: -1/17      AC:  1    Str:  6 (7)  XL:     2   Next: 62%
Magic:  3/5        EV: 12    Int: 15 (17) God:
Gold:   37         SH:  0    Dex:  9 (12) Spells: 1 memorised, 4 levels left

rFire  . . .     SeeInvis .     j - +3 short sword
rCold  . . .     Gourm    .     (no shield)
rNeg   . . .     Faith    .     (helmet restricted)
rPois  .         Spirit   .     (no amulet)
rElec  .         Dismiss  .     (no ring)
rCorr  .         Reflect  .     (no ring)
SustAt .         Harm     .     (no ring)
MR     .....                    (no ring)
Stlth  +++.......               (no ring)
                                (no ring)
                                (no ring)
                                (no ring)

@: not resistant to hostile enchantments, fairly stealthy
A: almost no armour, amphibious, 8 rings, constrict 8, camouflage 1, gelatinous
body 1
a: no special abilities


You were on level 2 of the Dungeon.
You were not hungry.

You visited 1 branch of the dungeon, and saw 2 of its levels.

You collected 37 gold pieces.

Inventory:

Hand Weapons
 f - a +0 spear
 j - a +3 short sword (weapon)
Missiles
 d - 30 sling bullets
 i - 15 stones (quivered)
Scrolls
 g - a scroll of enchant weapon {unknown}
 k - a scroll of fog {unknown}
 l - a scroll of remove curse {unknown}
Potions
 h - a potion of haste {unknown}
Books
 a - a book of Necromancy

   Spells                             Type                      Level
   a - Pain                           Necromancy                   1
   b - Animate Skeleton               Necromancy                   1
   c - Vampiric Draining              Necromancy                   3
   d - Regeneration                   Charms/Necromancy            3
   e - Animate Dead                   Necromancy                   4
   f - Control Undead                 Necromancy                   4
Comestibles
 b - a bread ration


   Skills:
 - Level 2.0 Dodging
 - Level 2.6 Stealth
 + Level 2.2 Unarmed Combat
 - Level 2.0 Spellcasting
 - Level 4.0 Necromancy


You had 4 spell levels left.
You knew the following spells:

 Your Spells              Type           Power        Failure   Level  Hunger
a - Pain                  Necr           ##..         4%          1    #......


Dungeon Overview and Level Annotations

Branches:
Dungeon (2/15)

Altars:


Innate Abilities, Weirdness & Mutations

You cannot wear most types of armour.
You are amphibious.
You can wear up to eight rings at the same time.
You can use your tentacles to constrict eight enemies at once.
Your skin changes colour to match your surroundings (Stealth).
Your rubbery body absorbs attacks (AC +1).


Message History

The adder is moderately wounded.
You constrict the adder. The adder bites you. x2
You hit the adder.
The adder is heavily wounded.
You constrict the adder.
The goblin shouts!
The adder bites you.
You hit the adder but do no damage.
The adder is heavily wounded.
You constrict the adder. The adder bites you.
* * * LOW HITPOINT WARNING * * *
The goblin hits you with a club.
* * * LOW HITPOINT WARNING * * *
Drink which item? (? for menu, Esc to quit)
Okay, then.
You hit the adder.
You kill the adder!
Your Unarmed Combat skill increases to level 2!
The goblin hits you with a club.
You die...

...................
............#####.#
##.######.#######.#
.................. #
#.######.#.#######
###.###.## #.#.### #
..?......#####.....#
# #....g..#....#.#.#
# #@.##.##.#.#.# #
#..##.##(#.#.#####
+..............>..
#..##..#(#.#.#####
#...#..#.#.#.#
#..(.........#
#.#....#.#.#######
........#..........
....#...#.#.####.##


You could see a goblin.

Vanquished Creatures
  An adder (D:2)
  A giant gecko (D:2)
  A goblin (D:2)
  2 hobgoblins (D:2)
  2 kobolds
7 creatures vanquished.

Notes
Turn   | Place    | Note
--------------------------------------------------------------
     0 | D:1      | M4edhros the Octopode Necromancer began the quest for the Orb.
     0 | D:1      | Reached XP level 1. HP: 11/11 MP: 3/3
    83 | D:2      | Reached skill level 1 in Unarmed Combat
   123 | D:2      | Reached XP level 2. HP: 13/17 MP: 1/5
   151 | D:2      | Slain by a goblin

Vault maps used:
D:1:      minmay_arrival_three_doors, minivault_14
D:2:      bloody_trog, first_bread, uniq_sigmund, uniq_terence

Skill      XL: |  1  2 |
---------------+-------+-----
Unarmed Combat | 1 2 |  2.2
Dodging        | |  2.0
Stealth        | |  2.6
Spellcasting   | |  2.0
Necromancy     | |  4.0

Action                   || total
-------------------------++-------
Melee: Spear             ||    11
       Tentacles         ||     4
       Constrict         ||     3
       Short sword       ||     4
 Cast: Pain              ||     2
  Use: Potion            ||     2
 Stab: Sleeping          ||     3
Armor: Skin              ||     2
Dodge: Dodged            ||     5
